PL
PHILADELPHIA 1776 BC @ D.C. DIVIDED
08/12/2034
 
TOP OF THE 1ST
Philadelphia 1776 BC batting - Pitching for D.C. Divided : RHP Iván Vázquez
Pitching: RHP Iván Vázquez
Batting: LHB José Rodríguez 0-0: Called Strike
0-1: Foul Ball, location: 2F
0-2: Strikes out swinging
Batting: RHB Mario Castillo 0-0: Ball
1-0: Foul Ball, location: 2F
1-1: Ball
2-1: Ground out 5-3 (Groundball, 56)
Batting: RHB Karl Blanke 0-0: Foul Ball, location: 2F
0-1: Foul Ball, location: 2F
0-2: Fly out, F9 (Flyball, 9D)
Top of the 1st over - 0 runs, 0 hits, 0 errors, 0 left on base; Philadelphia 1776 0 - D.C. 0
BOTTOM OF THE 1ST
D.C. Divided batting - Pitching for Philadelphia 1776 BC : RHP Jay Mahabir
Pitching: RHP Jay Mahabir
Batting: RHB Arturo Rodríguez 0-0: DOUBLE (Line Drive, 7LS)
Batting: RHB Ken Bone 0-0: Called Strike
0-1: SINGLE (Line Drive, 34D)
Arturo Rodríguez to third
Batting: RHB José Torres 0-0: Foul Ball, location: 2F
0-1: Foul Ball, location: 2F
0-2: Ball
1-2: SINGLE (Line Drive, 9LS)
Arturo Rodríguez scores
Ken Bone to second
Batting: RHB Wilbur Davis 0-0: Called Strike
0-1: Ball
1-1: DOUBLE (Line Drive, 89D)
Ken Bone scores
José Torres to third
Batting: LHB Yao-pang Chiang 0-0: Ball
1-0: SINGLE (Line Drive, 8RS)
José Torres scores
Wilbur Davis to third
Batting: RHB Amon-Ra St. Brown 0-0: Foul Ball, location: 2F
0-1: Swinging Strike
0-2: Ball
1-2: Ball
2-2: Strikes out swinging
Batting: RHB Oliver Aranda 0-0: Ball
1-0: Ball
Wild Pitch!
Wilbur Davis scores
Yao-pang Chiang to second
2-0: Ground out 5-3 (Groundball, 5)
Batting: RHB Brant Thigpen 0-0: Called Strike
0-1: Swinging Strike
0-2: Strikes out swinging
Bottom of the 1st over - 4 runs, 5 hits, 0 errors, 1 left on base; Philadelphia 1776 0 - D.C. 4
TOP OF THE 2ND
Philadelphia 1776 BC batting - Pitching for D.C. Divided : RHP Iván Vázquez
Batting: LHB Manoo Satyavrat 0-0: Called Strike
0-1: Ball
1-1: Fly out, F8 (Line Drive, 8RXD)
Batting: RHB Eddie Sachs 0-0: Ground out 6-3 (Groundball, 6)
Batting: LHB Jake Grant 0-0: Called Strike
0-1: Called Strike
0-2: Ball
1-2: Reached on error, E3 (Groundball, 3)
Batting: RHB Phil Moore 0-0: Called Strike
Jake Grant is caught stealing 2nd base
Top of the 2nd over - 0 runs, 0 hits, 1 error, 0 left on base; Philadelphia 1776 0 - D.C. 4
BOTTOM OF THE 2ND
D.C. Divided batting - Pitching for Philadelphia 1776 BC : RHP Jay Mahabir
Batting: RHB Sherman N'Dir 0-0: Foul Ball, location: 2F
0-1: Ground out 6-3 (Groundball, 6)
Batting: RHB Arturo Rodríguez 0-0: Ground out 5-3 (Groundball, 56S)
Batting: RHB Ken Bone 0-0: Ground out 4-3 (Groundball, 4)
Bottom of the 2nd over - 0 runs, 0 hits, 0 errors, 0 left on base; Philadelphia 1776 0 - D.C. 4
TOP OF THE 3RD
Philadelphia 1776 BC batting - Pitching for D.C. Divided : RHP Iván Vázquez
Batting: RHB Phil Moore 0-0: Swinging Strike
0-1: Foul Ball, location: 2F
0-2: Foul Ball, location: 2F
0-2: Ball
1-2: Foul Ball, location: 2F
1-2: Ball
2-2: Fly out, F9 (Flyball, 89S)
Batting: LHB Hai-feng Tang 0-0: Foul Ball, location: 2F
0-1: Swinging Strike
0-2: Strikes out swinging
Batting: RHB Kevin Malone 0-0: Foul Ball, location: 2F
0-1: Called Strike
0-2: Foul Ball, location: 2F
0-2: Ball
1-2: Strikes out swinging
Top of the 3rd over - 0 runs, 0 hits, 0 errors, 0 left on base; Philadelphia 1776 0 - D.C. 4
BOTTOM OF THE 3RD
D.C. Divided batting - Pitching for Philadelphia 1776 BC : RHP Jay Mahabir
Batting: RHB José Torres 0-0: Swinging Strike
0-1: Foul Ball, location: 2F
0-2: Ball
1-2: Fly out, F8 (Line Drive, 8LS)
Batting: RHB Wilbur Davis 0-0: Fly out, F5 (Line Drive, 5S)
Batting: LHB Yao-pang Chiang 0-0: Swinging Strike
0-1: Ball
1-1: Ball
2-1: Called Strike
2-2: Ball
3-2: Fly out, F9 (Flyball, 9)
Bottom of the 3rd over - 0 runs, 0 hits, 0 errors, 0 left on base; Philadelphia 1776 0 - D.C. 4
TOP OF THE 4TH
Philadelphia 1776 BC batting - Pitching for D.C. Divided : RHP Iván Vázquez
Batting: LHB José Rodríguez 0-0: Ball
1-0: Foul Ball, location: 2F
1-1: Foul Ball, location: 2F
1-2: Ball
2-2: Ball
3-2: Ground out 5-3 (Groundball, 5L)
Batting: RHB Mario Castillo 0-0: Ball
1-0: Fly out, F7 (Flyball, 78D)
Batting: RHB Karl Blanke 0-0: Ball
1-0: Called Strike
1-1: Called Strike
1-2: Strikes out swinging
Top of the 4th over - 0 runs, 0 hits, 0 errors, 0 left on base; Philadelphia 1776 0 - D.C. 4
BOTTOM OF THE 4TH
D.C. Divided batting - Pitching for Philadelphia 1776 BC : RHP Jay Mahabir
Batting: RHB Amon-Ra St. Brown 0-0: Called Strike
0-1: Ball
1-1: Ball
2-1: Ball
3-1: Called Strike
3-2: Base on Balls
Batting: RHB Oliver Aranda 0-0: Ball
Pickoff Throw to First - Error! E1
Amon-Ra St. Brown to second
1-0: Foul Ball, location: 2F
1-1: Foul Ball, location: 2F
1-2: Strikes out swinging
Batting: RHB Brant Thigpen 0-0: Called Strike
0-1: Ball
1-1: Called Strike
1-2: Strikes out swinging
Batting: RHB Sherman N'Dir 0-0: Ball
1-0: Ball
2-0: Called Strike
2-1: Called Strike
2-2: DOUBLE (Line Drive, 9D)
Amon-Ra St. Brown scores
Batting: RHB Arturo Rodríguez 0-0: Foul Ball, location: 2F
0-1: Swinging Strike
0-2: Ball
1-2: Foul Ball, location: 2F
1-2: Foul Ball, location: 2F
1-2: Ball
2-2: Fly out, F4 (Popup, 4M)
Bottom of the 4th over - 1 run, 1 hit, 1 error, 1 left on base; Philadelphia 1776 0 - D.C. 5
TOP OF THE 5TH
Philadelphia 1776 BC batting - Pitching for D.C. Divided : RHP Iván Vázquez
Batting: LHB Manoo Satyavrat 0-0: Called Strike
0-1: Foul Ball, location: 2F
0-2: Ball
1-2: SOLO HOME RUN (Flyball, 9LD), Distance : 348 ft
Batting: RHB Eddie Sachs 0-0: SINGLE (Flyball, 7S)
Batting: LHB Jake Grant 0-0: Ball
1-0: Foul Ball, location: 2F
1-1: Ball
2-1: Swinging Strike
2-2: Strikes out swinging
Batting: RHB Phil Moore 0-0: SINGLE (Groundball, 56D)
Eddie Sachs to second
Batting: LHB Hai-feng Tang 0-0: SINGLE (Groundball, 34D)
Eddie Sachs to third
Phil Moore to second
Runner from 3rd tries for Home, SAFE, no throw
Batting: RHB Kevin Malone 0-0: Called Strike
0-1: Ball
1-1: Ball
2-1: Foul Ball, location: 2F
2-2: Strikes out swinging
Batting: LHB José Rodríguez 0-0: Ball
1-0: Ball
2-0: Foul Ball, location: 2F
2-1: Foul Ball, location: 2F
2-2: Ball
3-2: Fly out, F5 (Line Drive, 56)
Top of the 5th over - 2 runs, 4 hits, 0 errors, 2 left on base; Philadelphia 1776 2 - D.C. 5
BOTTOM OF THE 5TH
D.C. Divided batting - Pitching for Philadelphia 1776 BC : RHP Jay Mahabir
Batting: RHB Ken Bone 0-0: Foul Ball, location: 2F
0-1: Swinging Strike
0-2: Ball
1-2: SINGLE (Groundball, 34D)
Batting: RHB José Torres 0-0: Foul Ball, location: 2F
0-1: SINGLE (Line Drive, 78M)
Ken Bone to second
Batting: RHB Wilbur Davis 0-0: Called Strike
0-1: Ball
1-1: SINGLE (Flyball, 89S)
Ken Bone to third
José Torres to second
Batting: LHB Yao-pang Chiang 0-0: Called Strike
0-1: Fly out, F7 (Flyball, 7)
Batting: RHB Amon-Ra St. Brown 0-0: Ball
1-0: Foul Ball, location: 2F
1-1: Foul Ball, location: 2F
1-2: Strikes out looking
Batting: RHB Oliver Aranda 0-0: Ball
1-0: Ball
2-0: Called Strike
2-1: Fly out, F8 (Flyball, 78M)
Bottom of the 5th over - 0 runs, 3 hits, 0 errors, 3 left on base; Philadelphia 1776 2 - D.C. 5
TOP OF THE 6TH
Philadelphia 1776 BC batting - Pitching for D.C. Divided : RHP Iván Vázquez
Batting: RHB Mario Castillo 0-0: Ball
1-0: Swinging Strike
1-1: Ball
2-1: Ball
3-1: Base on Balls
Batting: RHB Karl Blanke 0-0: Foul Ball, location: 2F
0-1: Ball
1-1: Ball
2-1: Called Strike
2-2: Ball
3-2: SINGLE (Flyball, 9LS)
Mario Castillo to second
Mario Castillo to third
Batting: LHB Manoo Satyavrat 0-0: Ball
1-0: Foul Ball, location: 2F
1-1: Foul Ball, location: 2F
1-2: Strikes out swinging
Batting: RHB Eddie Sachs 0-0: Ball
1-0: Ball
2-0: Swinging Strike
2-1: DOUBLE (Line Drive, 8LD)
Mario Castillo scores
Karl Blanke to third
Runner from 3rd tries for Home, throw and OUT!
Batting: LHB Jake Grant 0-0: Swinging Strike
0-1: Ball
1-1: Swinging Strike
1-2: Foul Ball, location: 2F
1-2: Ground out 1-3 (Groundball, 13)
Top of the 6th over - 1 run, 2 hits, 0 errors, 1 left on base; Philadelphia 1776 3 - D.C. 5
BOTTOM OF THE 6TH
D.C. Divided batting - Pitching for Philadelphia 1776 BC : RHP Jay Mahabir
Batting: RHB Brant Thigpen 0-0: Called Strike
0-1: SINGLE (Groundball, 4MD)
Batting: RHB Sherman N'Dir 0-0: Ball
1-0: Ball
2-0: Sac Bunt - play at first, batter OUT! 3-4
Brant Thigpen to second
Batting: RHB Arturo Rodríguez 0-0: Called Strike
0-1: Foul Ball, location: 2F
0-2: Strikes out swinging
Batting: RHB Ken Bone 0-0: Ball
1-0: Ball
2-0: Ball
3-0: Called Strike
3-1: Fly out, F6 (Line Drive, 6)
Bottom of the 6th over - 0 runs, 1 hit, 0 errors, 1 left on base; Philadelphia 1776 3 - D.C. 5
TOP OF THE 7TH
Philadelphia 1776 BC batting - Pitching for D.C. Divided : RHP Iván Vázquez
Batting: RHB Phil Moore 0-0: Called Strike
0-1: Ball
1-1: Ball
2-1: SINGLE (Line Drive, 8LS)
Pinch Runner at 1st Kelvin Abbott:
Batting: LHB Hai-feng Tang 0-0: Ball
1-0: Grounds into double play, 4-6-3 (Groundball, 4)
Batting: RHB Kevin Malone 0-0: Called Strike
0-1: Swinging Strike
0-2: Strikes out swinging
Top of the 7th over - 0 runs, 1 hit, 0 errors, 0 left on base; Philadelphia 1776 3 - D.C. 5
BOTTOM OF THE 7TH
D.C. Divided batting - Pitching for Philadelphia 1776 BC : RHP Jay Mahabir
Now at 3B: Sam Quint
Batting: RHB José Torres 0-0: Ball
1-0: Called Strike
1-1: Fly out, F9 (Flyball, 9D)
Batting: RHB Wilbur Davis 0-0: Ball
1-0: Ball
2-0: Ball
3-0: Called Strike
3-1: Foul Ball, location: 2F
3-2: Base on Balls
Pitching: LHP Masami Kogawa
Batting: LHB Yao-pang Chiang 0-0: Ball
1-0: Foul Ball, location: 2F
1-1: Ball
2-1: Fly out, F7 (Flyball, 7LM)
Batting: RHB Amon-Ra St. Brown 0-0: Called Strike
0-1: Ball
1-1: Ground out 6-3 (Groundball, 6S)
Bottom of the 7th over - 0 runs, 0 hits, 0 errors, 1 left on base; Philadelphia 1776 3 - D.C. 5
TOP OF THE 8TH
Philadelphia 1776 BC batting - Pitching for D.C. Divided : RHP Iván Vázquez
Batting: LHB José Rodríguez 0-0: Ground out 6-3 (Groundball, 6M)
Batting: RHB Mario Castillo 0-0: Foul Ball, location: 2F
0-1: Swinging Strike
0-2: Strikes out looking
Batting: RHB Karl Blanke 0-0: Ball
1-0: Called Strike
1-1: Ball
2-1: Ball
3-1: Fly out, F7 (Line Drive, 7LM)
Top of the 8th over - 0 runs, 0 hits, 0 errors, 0 left on base; Philadelphia 1776 3 - D.C. 5
BOTTOM OF THE 8TH
D.C. Divided batting - Pitching for Philadelphia 1776 BC : LHP Masami Kogawa
Batting: RHB Oliver Aranda 0-0: Ground out 1-3 (Groundball, 13)
Batting: RHB Brant Thigpen 0-0: Called Strike
0-1: Ground out 4-3 (Groundball, 4)
Batting: RHB Sherman N'Dir 0-0: Ball
1-0: Foul Ball, location: 2F
1-1: Swinging Strike
1-2: Strikes out looking
Bottom of the 8th over - 0 runs, 0 hits, 0 errors, 0 left on base; Philadelphia 1776 3 - D.C. 5
TOP OF THE 9TH
Philadelphia 1776 BC batting - Pitching for D.C. Divided : RHP Iván Vázquez
Batting: LHB Manoo Satyavrat 0-0: Called Strike
0-1: DOUBLE (Line Drive, 5D)
Pitching: RHP Roberto Silva
Batting: RHB Eddie Sachs 0-0: Ball
1-0: Called Strike
1-1: Ball
2-1: Foul Ball, location: 2F
2-2: Strikes out swinging
Batting: LHB Jake Grant 0-0: Ball
1-0: DOUBLE (Line Drive, 7LM)
Manoo Satyavrat scores
Batting: SHB Sam Quint 0-0: Called Strike
0-1: Fly out, F8 (Flyball, 8LS)
Batting: LHB Hai-feng Tang 0-0: Ball
1-0: Ground out 6-3 (Groundball, 6)
Top of the 9th over - 1 run, 2 hits, 0 errors, 1 left on base; Philadelphia 1776 4 - D.C. 5
Friday, March 29th, 2019 - OOTP Baseball 18.8 Build 76